AoeStats
← Scol1ng

Coastal Forest

510546235Analyzed
4v4 RM · 1d ago on Oct 1, 2026· 38m 7s· 8 players
Game mode
Random Map
Map size
Large (8 player)
Population
200
Speed
Normal
Resources
Standard
Victory
Conquest
Starting age
Dark Age
Ending age
Imperial Age
RankedLock teamsTeams togetherTeam positionsShared explorationLock speedFull tech treeHidden civsTurbo modeCheats
Victory
Defeat
🇩🇪 Burmese · Germany
1603
+9
🇩🇪 Tatars · Germany
1499
+13
🇩🇪 Japanese · Germany
1423
+16
🇩🇪 Armenians · Germany
1230
+23
🇹🇼 Gurjaras · Taiwan
1473
-17
🇮🇳 Georgians · India
1427
-15
🇩🇪 Cumans · Germany
1406
-15
🇨🇳 Bulgarians · China
1395
-14
Oh Bossom
6:28 Loom
9:29 Feudal Age
12:53 Double-Bit Axe
19:37 Horse Collar
26:57 Wheelbarrow
29:05 Gold Mining
31:15 Castle Age
29:36 Stone Mining
33:48 Gold Shaft Mining
33:30 Heavy Plow
33:43 Bow Saw
33:53 Bow Saw
34:34 Hand Cart
34:54 Town Watch
36:21 Ballistics
36:52 Fletching
37:09 Pikeman
38:00 Scale Mail Armor
38:11 Forging
漸夜zZ
3:27 Loom
8:59 Feudal Age
7:17 Loom
12:35 Double-Bit Axe
13:37 Forging
16:16 Horse Collar
24:06 Castle Age
25:44 Bow Saw
25:49 Bloodlines
25:40 Husbandry
27:05 Wheelbarrow
27:48 Scale Barding Armor
29:40 Gold Mining
29:42 Stone Mining
31:50 Hand Cart
33:01 Town Watch
36:19 Imperial Age
34:13 Heavy Plow
36:35 Elite Shrivamsha Rider
Mick...
10:57 Feudal Age
15:03 Castle Age
13:55 Double-Bit Axe
13:57 Horse Collar
21:06 Scale Mail Armor
21:07 Loom
27:32 Heavy Plow
28:04 Husbandry
28:14 Bloodlines
28:12 Scale Barding Armor
28:17 Forging
28:33 Gold Mining
29:37 Stone Mining
30:47 Wheelbarrow
31:16 Bow Saw
33:34 Hand Cart
36:53 Imperial Age
35:04 Chain Barding Armor
35:19 Iron Casting
35:51 Scale Mail Armor
35:46 Gambesons
36:01 Squires
35:47 Arson
37:01 Stone Shaft Mining
37:01 Gold Shaft Mining
36:29 Stirrups
36:40 Stirrups
37:16 Cavalier
38:21 Conscription
38:03 Bagains
38:49 Plate Barding Armor
39:15 Blast Furnace
FreakinGorkha
8:38 Loom
11:11 Feudal Age
12:06 Double-Bit Axe
13:47 Fletching
16:28 Castle Age
14:40 Gold Mining
15:33 Horse Collar
17:26 Bodkin Arrow
18:55 Padded Archer Armor
19:17 Bow Saw
25:58 Town Watch
29:30 Ballistics
30:33 Guard Tower
37:14 Imperial Age
36:13 Leather Archer Armor
35:55 Murder Holes
Gescheiterte Existenz
7:14 Loom
9:39 Feudal Age
10:23 Double-Bit Axe
16:43 Bloodlines
21:07 Castle Age
19:46 Pikeman
20:35 Horse Collar
21:03 Scale Mail Armor
21:28 Light Cavalry
28:18 Chain Mail Armor
29:51 Bow Saw
31:55 Halberdier
35:29 Squires
35:15 Arson
Öl1ng
9:19 Loom
11:05 Feudal Age
15:21 Castle Age
14:37 Horse Collar
16:54 Medium Warships
16:55 Forging
19:01 Gold Mining
20:10 Horse Collar
21:36 Wheelbarrow
20:47 Town Watch
22:58 Fishing Lines
23:44 Stone Mining
26:00 Town Watch
27:10 Gold Shaft Mining
27:49 Bloodlines
27:40 Husbandry
31:20 Imperial Age
29:05 Hand Cart
29:43 Bloodlines
29:34 Husbandry
29:39 Scale Barding Armor
30:10 Iron Casting
30:26 Gillnets
31:29 Caravan
32:07 Coinage
31:51 Manipur Cavalry
32:01 Howdah
32:34 Heavy Plow
31:59 Elite Battle Elephant
33:11 Chain Barding Armor
33:52 Blast Furnace
34:24 Blast Furnace
33:51 Conscription
35:15 Plate Barding Armor
36:28 Crop Rotation
37:59 Banking
37:46 Guilds
Scol1ng
6:12 Loom
29:35 Feudal Age
31:02 Wheelbarrow
30:33 Double-Bit Axe
30:48 Fishing Lines
37:47 Castle Age
38:28 Gillnets
105er.DarkSheep
11:18 Feudal Age
12:42 Double-Bit Axe
15:07 Castle Age
13:12 Fishing Lines
13:49 Fletching
14:40 Gold Mining
15:36 Padded Archer Armor
16:05 Bow Saw
16:50 Bodkin Arrow
17:24 Horse Collar
19:46 Ballistics
19:30 Padded Archer Armor
21:27 Gold Shaft Mining
22:38 Wheelbarrow
22:48 Leather Archer Armor
23:24 Gillnets
25:06 Thumb Ring
26:44 Wheelbarrow
25:55 Loom
27:42 Bloodlines
27:32 Husbandry
29:19 Hand Cart
29:46 Stone Mining
30:36 Loom
35:36 Imperial Age
36:19 Caravan
37:43 Two-Man Saw
37:05 Conscription
37:11 Bracer
37:41 Ring Archer Armor
38:14 Chemistry
37:43 Heavy Cavalry Archer
39:01 Parthian Tactics
Connection lost

Rejoining the realm…

Still unreachable

The connection could not be restored.

Session expired

The server has moved on; the page needs a fresh start.